 Dungeon Crawl Stone Soup version 0.31.0-11-ge490571c62 (webtiles) character file.

Game seed: 8025511189342580514

24 rumournova the Chopper (level 3, -3/33 HPs)
             Began as a Hill Orc Monk on Jan 30, 2024.
             Slain by a gnoll
             ... wielding a +0 whip
              (4 damage)
             ... on level 1 of the Dungeon.
             The game lasted 00:01:06 (216 turns).

rumournova the Chopper (Hill Orc Monk)               Turns: 216, Time: 00:01:06

Health: -3/33      AC:  2    Str: 15    XL:     3   Next: 2%
Magic:  3/3        EV: 12    Int: 10    God:
Gold:   21         SH:  0    Dex: 13    Spells: 2/2 levels left

rFire   . . .        a - +0 hand axe
rCold   . . .        d - orb {light}
rNeg    . . .        b - +0 robe
rPois   .            (no helmet)
rElec   .            (no cloak)
rCorr   .            (no gloves)
SInv    .            (no boots)
Will    .....        (no amulet)
Stlth   +            (no ring)
HPRegen 0.25/turn    (no ring)
MPRegen 0.08/turn

%: no passive effects
@: glowing
A: no striking features
a: no special abilities


You were on level 1 of the Dungeon.
You visited 1 branch of the dungeon, and saw 1 of its levels.

You collected 21 gold pieces.

Inventory:

Hand Weapons
 a - a +0 hand axe (weapon)
Armour
 b - a +0 robe (worn)
 d - an orb of light (worn)
Potions
 c - a potion of ambrosia
 e - a potion of lignification {unknown}
 f - a potion of curing {unknown}


   Skills:
 + Level 4.1 Fighting
 + Level 4.7 Axes
 + Level 2.7 Dodging


You had 2 spell levels left.
You didn't know any spells.
Your spell library was empty.

Dungeon Overview and Level Annotations

Branches:
Dungeon (1/15)

Altars:


Message History

The jackal completely misses you.
You hit the jackal.
The jackal is heavily wounded.
You hit the dart slug but do no damage. You hit the hobgoblin.
You hit the jackal but do no damage. The jackal bites you. x2
The hobgoblin hits you but does no damage.
The jackal misses you.
You barely miss the jackal.
The jackal is heavily wounded.
You hit the dart slug but do no damage. You hit the hobgoblin.
You kill the hobgoblin!
You hit the jackal.
You kill the jackal!
The jackal bites you. The dart slug launches a dart at you.
The slug dart misses you. The jackal closely misses you.
You hit the jackal.
The jackal is almost dead.
You hit the dart slug. The jackal closely misses you.
The dart slug launches a dart at you. The slug dart misses you.
You hit the jackal.
You kill the jackal!
You hit the dart slug. You hit the gnoll. The gnoll hits you with a +0 whip!
* * * LOW HITPOINT WARNING * * *
The dart slug closely misses you.
You hit the gnoll.
The gnoll is heavily wounded.
You hit the dart slug.
You kill the dart slug!
The gnoll hits you with a +0 whip.
* * * LOW HITPOINT WARNING * * *
You have reached level 3!
Your experience leads to an increase in your attributes!
Increase (S)trength, (I)ntelligence, or (D)exterity?
You feel stronger. x2
You hit the gnoll but do no damage.
The gnoll is heavily wounded.
The gnoll hits you with a +0 whip.
You die...

##..## #..#
##......##..## #..#
.........##..###..####
..........##..#..##..##.
...........##...##......
............#...#....###
.........#.......†......
......g.†.....##......#.
##..)@.###............
#..##..# ###.......... #
#....# ###........
#...##.# ######...
#.####.#### ##.....†.. #
#......###.)####.##
#........†.#...†..#
#......#####......#
#......# ###......#


You could see a gnoll.

Vanquished Creatures
  A dart slug (D:1)
  An endoplasm (D:1)
  A giant cockroach (D:1)
  A goblin (D:1)
  4 hobgoblins (D:1)
  3 jackals (D:1)
  A kobold (D:1)
  3 ball pythons (D:1)
  2 bats (D:1)
  2 rats (D:1)
19 creatures vanquished.

Notes
Turn   | Place    | Note
-------+----------+-------------------------------------------
     0 | D:1      | rumournova the Hill Orc Monk began the quest for the Orb.
     0 | D:1      | Reached XP level 1. HP: 19/19 MP: 1/1
   113 | D:1      | Reached XP level 2. HP: 27/27 MP: 2/2
   215 | D:1      | HP: 1/27 [gnoll/+0 whip (3)]
   216 | D:1      | Reached XP level 3. HP: 1/33 MP: 3/3
   216 | D:1      | Slain by a gnoll

Illustrated notes

Levels and vault maps discovered:
D:1:      dpeg_chamrin_arrival_tetris, layout_rooms,
          amcnicky_mini_rare_corridor_liquid

Skill      XL: |  1  2 |
---------------+-------+-----
Fighting       | 4 |  4.1
Axes           | |  4.7
Dodging        | |  2.7

Action                     || total
---------------------------++-------
  Melee: Hand axe          ||    43
 Armour: Robe              ||    36
  Dodge: Dodged            ||    40
